 Dungeon Crawl Stone Soup version 0.20.1-1-g8b1a95d (webtiles) character file.

855 vatarom the Insei (level 7, -2/55 HPs)
             Began as a Demonspawn Transmuter on Sept 22, 2017.
             Succumbed to a gnoll's poison
             ... on level 5 of the Dungeon.
             The game lasted 00:14:36 (4704 turns).

vatarom the Insei (Demonspawn Transmuter)           Turns: 4704, Time: 00:14:36

Health: -2/55      AC:  2    Str: 12    XL:     7   Next: 70%
Magic:  8/10       EV: 23    Int: 14    God:    Xom [.*....]
Gold:   183        SH:  0    Dex: 19    Spells: 4/10 levels left

rFire    . . .     SeeInvis .     - Unarmed
rCold    . . .     Gourm    .   (shield currently unavailable)
rNeg     . . .     Faith    .   (armour currently unavailable)
rPois    x         Spirit   .   (helmet currently unavailable)
rElec    .         Reflect  .   (cloak currently unavailable)
rCorr    .         Harm     .   (gloves currently unavailable)
MR       .....                  (boots currently unavailable)
Stlth    +.........             (no amulet)
Regen    0.2/turn               j - ring of loudness
MPRegen  0.2/turn               (no ring)

@: lethally poisoned (-2 -> -41), spider-form (expiring), very slightly
contaminated
A: no striking features
a: End Transformation, Renounce Religion


You were on level 5 of the Dungeon.
You worshipped Xom.
You were a plaything of Xom.
You were very hungry.
You were a venomous arachnid creature.
You visited 1 branch of the dungeon, and saw 5 of its levels.

You collected 183 gold pieces.

Inventory:

Missiles
 a - 33 arrows
Armour
 e - a +0 leather armour (melded)
Jewellery
 j - a ring of loudness (left front leg)
Scrolls
 b - 2 scrolls of amnesia
 h - 3 scrolls of identify
 m - a scroll of teleportation
Potions
 f - 2 potions of agility
 k - a potion of curing
Books
 c - a book of Changes

   Spells                             Type                      Level
   a - Beastly Appendage              Transmutation                1
   b - Sticks to Snakes               Transmutation                2
   c - Spider Form                    Transmutation/Poison         3
   d - Ice Form                       Ice/Transmutation            4
   e - Blade Hands                    Transmutation                5
 n - a book of Debilitation

   Spells                             Type                      Level
   a - Corona                         Hexes                        1
   b - Slow                           Hexes                        2
   c - Inner Flame                    Hexes/Fire                   3
   d - Portal Projectile              Hexes/Translocation          3
   e - Cause Fear                     Hexes                        4
   f - Leda's Liquefaction            Hexes/Earth                  4
Comestibles
 d - 3 bread rations
 g - 2 meat rations
 o - 11 chunks of flesh


   Skills:
 + Level 4.3 Fighting
 + Level 4.3 Dodging
 * Level 6.2 Unarmed Combat
 - Level 2.0 Spellcasting
 - Level 1.7 Transmutations


You had 4 spell levels left.
You knew the following spells:

 Your Spells              Type           Power        Failure   Level  Hunger
a - Beastly Appendage     Tmut           #.....       28%         1    ##.....
b - Sticks to Snakes      Tmut           #.......     36%         2    ###....
c - Spider Form           Tmut/Pois      #.........   67%         3    ####...


Dungeon Overview and Level Annotations

Branches:
Dungeon (5/15)             Temple (0/1) D:4

Altars:
Ru
Trog
Vehumet
Xom
Zin

Shops:
D:4 (

Annotations:
D:5 Sigmund


Innate Abilities, Weirdness & Mutations

((You have a pair of small horns on your head.))
((You are partially covered in sharp spines.))
((Your movements are slightly less encumbered by armour. (ER -2)))


Message History

* * * LOW HITPOINT WARNING * * *
You are lethally poisoned!
Something barely misses you.
You hit the gnoll.
The gnoll is moderately wounded.
* * * LOW HITPOINT WARNING * * *
You feel very sick. The gnoll completely misses you.
Unknown command.
You closely miss the gnoll.
The gnoll is moderately wounded.
Your transformation is almost over.
* * * LOW HITPOINT WARNING * * *
You feel sick. Something barely misses you.
Unknown command.
Blink to where?
Press: ? - help, Dir - move target cursor
As you read the scroll of blinking, it crumbles to dust.
You die...
Xom thinks this is hilarious!

#.....# ######### #.....#
#.......# #.....#
#.ยง.....# #.....#
#gg.....# ####...>.#
#.......# #........#
#.......# ...(.##.....#
#.g.....# ###
#.<)...###.......#
##......#.s.......#
##.......#.#.......#
###..######[.#.......#
........###..))###.######
....#........#####.#
.............# #..#
.....#(......# #.##
..##.####..######.# # #
#..#...##.# #..


You could see 3 gnolls.

Vanquished Creatures
  A water moccasin (D:4)
  A phantom (D:4)
  A centaur (D:5)
  An ogre (D:5)
  Blork the orc (D:5)
  A jelly (D:5)
  A bullfrog skeleton (D:3)
  An orc wizard (D:5)
  2 iguanas
  2 worker ants (D:4)
  A hound skeleton (D:4)
  A howler monkey zombie (D:5)
  11 adders
  An ooze (D:4)
  A worm (shapeshifter) (D:4)
  A worm (D:2)
  3 dart slugs
  5 leopard geckos
  6 orcs
  13 bats
  5 giant cockroaches
  7 goblins
  12 hobgoblins
  5 jackals
  9 kobolds
  4 quokkas
  A ball python (D:1)
  8 frilled lizards
  A jackal skeleton (D:4)
  5 rats
112 creatures vanquished.

Notes
Turn   | Place    | Note
-------+----------+-------------------------------------------
     0 | D:1      | vatarom the Demonspawn Transmuter began the quest for the Orb.
     0 | D:1      | Reached XP level 1. HP: 15/15 MP: 3/3
    32 | D:1      | Gained mutation: Your movements are slightly less encumbered by armour. (ER -2) [demonic ancestry]
    32 | D:1      | Reached XP level 2. HP: 11/21 MP: 3/5
    94 | D:1      | Reached skill level 3 in Unarmed Combat
   495 | D:1      | Reached XP level 3. HP: 14/27 MP: 6/6
   696 | D:1      | Learned a level 2 spell: Sticks to Snakes
   700 | D:1      | Learned a level 3 spell: Spider Form
  1394 | D:2      | Reached XP level 4. HP: 31/34 MP: 3/7
  1548 | D:2      | Found a glowing silver altar of Zin.
  1548 | D:2      | Found a radiant altar of Vehumet.
  1554 | D:2      | Found a bloodstained altar of Trog.
  2388 | D:3      | Found a faded altar of an unknown god.
  2401 | D:3      | Became a worshipper of Xom of Chaos
  2452 | D:3      | Reached skill level 4 in Unarmed Combat
  2452 | D:3      | Mutation became permanent: You have a pair of small horns on your head. [demonic ancestry]
  2452 | D:3      | Gained mutation: You have a pair of horns on your head. [demonic ancestry]
  2452 | D:3      | Reached XP level 5. HP: 34/39 MP: 6/8
  2541 | D:3      | XOM: mild Erth miscast
  2617 | D:3      | XOM: divination: magic mapping
  3261 | D:3      | XOM: mild Fire miscast
  3454 | D:4      | Found a sacrificial altar of Ru.
  3548 | D:4      | Found Rastroxt's Antique Weapon Boutique.
  3616 | D:4      | Noticed a water moccasin
  3624 | D:4      | XOM: silly message
  3636 | D:4      | Killed a water moccasin
  3636 | D:4      | Reached XP level 6. HP: 5/47 MP: 0/9
  3683 | D:4      | XOM: harmless Erth miscast
  3787 | D:4      | XOM: potion effect (haste)
  3788 | D:4      | XOM: confuse monster(s)
  3791 | D:4      | XOM: enchant monster (good)
  3798 | D:4      | Reached skill level 5 in Unarmed Combat
  3803 | D:4      | XOM: polymorph iguana -> worm
  3898 | D:4      | Got an ancient leather armour
  3941 | D:4      | Identified the +3 leather armour of the Louse {Str-5 Int+4} (You found it on level 4 of the Dungeon)
  3995 | D:4      | XOM: mild Hex miscast
  4021 | D:4      | Found a staircase to the Ecumenical Temple.
  4351 | D:4      | Gained mutation: You are partially covered in sharp spines. [demonic ancestry]
  4351 | D:4      | Reached XP level 7. HP: 37/53 MP: 6/10
  4573 | D:5      | Entered Level 5 of the Dungeon
  4660 | D:5      | Noticed Blork the orc
  4667 | D:5      | XOM: harmless Fire miscast
  4675 | D:5      | Noticed Sigmund
  4677 | D:5      | Killed Blork the orc
  4677 | D:5      | Reached skill level 6 in Unarmed Combat
  4703 | D:5      | HP: 2/55 [poisoned by a gnoll]
  4704 | D:5      | Succumbed to a gnoll's poison

Skill      XL: |  1  2  3  4  5  6  7 |
---------------+----------------------+-----
Unarmed Combat | 3 4 5 6 |  6.2
Dodging        | 2 3 4 |  4.3
Fighting       | 2 3 4 |  4.3
Spellcasting   | |  2.0
Transmutations | |  1.7

Action                   |  1- 3 |  4- 6 |  7- 9 || total
-------------------------+-------+-------+-------++-------
Melee: Unarmed           |   165 |   257 |    33 ||   455
       Kick              |     9 |    15 |       ||    24
       Headbutt          |     5 |    24 |     2 ||    31
       Punch             |     1 |     4 |       ||     5
 Cast: Beastly Appendage |    14 |    22 |     1 ||    37
       Spider Form       |     2 |     7 |     4 ||    13
  Use: Scroll            |     6 |     7 |     1 ||    14
       Potion            |     4 |     4 |     2 ||    10
 Stab: Invisible         |     1 |       |       ||     1
       Paralysed         |       |     2 |       ||     2
       Sleeping          |       |     1 |       ||     1
  Eat: Chunk             |     2 |    12 |     1 ||    15
Armor: Robe              |     3 |       |       ||     3
       Leather armour    |    53 |    44 |     2 ||    99
       Skin              |       |     2 |       ||     2
Dodge: Dodged            |   136 |   221 |    31 ||   388
